 Dungeon Crawl Stone Soup version 0.21.1-1-g345015f (webtiles) character file.

4061 GetVaped the Spear-Bearer (level 10, -17/66 HPs)
             Began as a Gargoyle Gladiator on May 4, 2018.
             Was a Believer of Okawaru.
             Demolished by a two-headed ogre
             ... wielding a +0 giant club
              (19 damage)
             ... on level 9 of the Dungeon.
             The game lasted 00:44:13 (10396 turns).

GetVaped the Spear-Bearer (Gargoyle Gladiator)     Turns: 10396, Time: 00:44:14

Health: -17/66     AC: 16    Str: 25    XL:     10   Next: 25%
Magic:  10/10      EV: 11    Int: 10    God:    Okawaru [**....]
Gold:   504        SH:  0    Dex: 11    Spells: 9/9 levels left

rFire    . . .     SeeInvis .   a - +0 trident
rCold    . . .     Gourm    .   (no shield)
rNeg     + . .     Faith    .   J - +0 scale mail (curse)
rPois    ∞         Spirit   .   c - +0 helmet
rElec    +         Reflect  .   (no cloak)
rCorr    .         Harm     .   G - +0 pair of gloves
MR       .....                  (no boots)
Stlth    ..........             (no amulet)
HPRegen  0.21/turn              o - +5 ring of strength
MPRegen  0.12/turn              i - +1 ring of protection

@: slowed, very slow
A: negative energy resistance 1, electricity resistance, unbreathing,
petrification resistance, rot immunity, AC +7
a: Heroism, Renounce Religion


You were on level 9 of the Dungeon.
You worshipped Okawaru.
Okawaru was pleased with you.
You were not hungry.

You visited 2 branches of the dungeon, and saw 10 of its levels.

You collected 504 gold pieces.

Inventory:

Hand Weapons
 a - a +0 trident (weapon)
Missiles
 d - 3 throwing nets (quivered)
Armour
 b - a +0 leather armour
 c - a +0 helmet (worn)
 e - a +0 scale mail
 v - a +1 plate armour
 G - a +0 pair of gloves (worn)
 J - a cursed +0 scale mail (worn)
Jewellery
 i - a +1 ring of protection (right hand)
 o - a +5 ring of strength (left hand)
 w - an uncursed ring of wizardry
 z - a +3 ring of evasion {unknown}
 B - an uncursed ring of ice {unknown}
Wands
 h - a wand of disintegration (9)
 E - a wand of iceblast (9)
Scrolls
 g - a scroll of enchant armour
 k - 2 scrolls of teleportation
 p - 2 scrolls of blinking {unknown}
 q - 3 scrolls of fog {unknown}
 x - 5 scrolls of remove curse {unknown}
 y - 3 scrolls of magic mapping {unknown}
 C - 4 scrolls of identify
 H - a scroll of vulnerability {unknown}
 I - a scroll of immolation {unknown}
Potions
 j - 2 potions of agility
 l - 3 potions of curing
 m - 2 potions of cancellation
 r - 2 potions of mutation {unknown}
 s - 2 potions of flight {unknown}
 t - 2 potions of berserk rage {unknown}
 u - 3 potions of heal wounds {unknown}
 D - a potion of lignification {unknown}
 F - 2 potions of ambrosia
Books
 A - a book of Minor Magic

   Spells                             Type                      Level
   a - Magic Dart                     Conjuration                  1
   b - Blink                          Translocation                2
   c - Call Imp                       Summoning                    2
   d - Slow                           Hexes                        2
   e - Conjure Flame                  Conjuration/Fire             3
   f - Mephitic Cloud                 Conjuration/Poison/Air       3
Comestibles
 f - 9 rations


   Skills:
 + Level 9.0 Fighting
 + Level 11.3 Polearms
 - Level 1.7 Throwing
 - Level 2.6 Dodging


You had 9 spell levels left.
You didn't know any spells.

Dungeon Overview and Level Annotations

Branches:
Dungeon (9/15)             Temple (1/1) D:6            Lair (0/6) D:8
    Orc: D:9-12

Altars:
Ashenzari
Cheibriados
Dithmenos
Elyvilon
Fedhas
Gozag
Hepliaklqana
Kikubaaqudgha
Makhleb
Nemelex Xobeh
Okawaru
Qazlal
Sif Muna
Trog
Uskayaw
Vehumet
Wu Jian
Xom
Yredelemnul
Zin
The Shining One


Innate Abilities, Weirdness & Mutations

You are resistant to torment.
Your stone body is resilient. (AC +7)
You are immune to poison.
You resist negative energy. (rN+)
You are resistant to electric shocks. (rElec)
You can survive without breathing.
You are immune to petrification.
You are immune to rotting.


Message History

An orc comes into view. It is wielding a trident.
The orc shouts!
An orc comes into view. It is wielding a hand axe.
The orc shouts!
An orc comes into view. It is wielding a hand axe.
The orc shouts!
An orc comes into view. It is wielding a falchion.
The orc shouts!
A two-headed ogre comes into view.
It is wielding a giant club and a dire flail.
The two-headed ogre shouts in stereo!
The two-headed ogre hits you with a giant club.
* * * LOW HITPOINT WARNING * * *
The two-headed ogre barely misses you.
The two-headed ogre hits you with a giant club.
* * * LOW HITPOINT WARNING * * *
The two-headed ogre barely misses you.
Found 15 gold pieces and 15 stones.
An orc priest comes into view. It is wielding a dagger.
The two-headed ogre hits you with a giant club!!
You die...

###.......Y.
..............
...#..........
####..............
#............###..
# #........(...
#..
#.####.(.........#
###
#................
#.oo.O@...$.#+###
#....oo....##
#...o......#
##.........#
######.#### .. ...
... ....


You could see a two-headed ogre, an orc priest and 4 orcs.

Vanquished Creatures
  The ghost of t7DKbSm the Basher, a novice MiFi of Makhleb (D:8)
  The ghost of Iko the Ruffian, an amateur DDTm of Yredelemnul (D:6)
  3 hornets (D:8)
  Grinder (D:3)
  Menkaure (D:6)
  Duvessa (D:6)
  2 ice beasts (D:5)
  An orc warrior (D:7)
  A sky beast (D:5)
  A black bear (D:9)
  A necrophage (D:6)
  2 ogres
  2 centaurs (D:6)
  Blork the orc (D:6)
  A bullfrog (D:9)
  2 scorpions
  Dowan (D:6)
  2 howler monkeys
  3 crimson imps
  A bullfrog zombie (D:8)
  2 hounds
  3 jellies
  4 orc priests
  A bullfrog skeleton (D:7)
  Ijyb (D:3)
  Terence (D:1)
  2 iguanas
  3 orc wizards
  8 worker ants
  2 hound zombies
  7 adders
  2 shadow imps
  4 dart slugs
  2 worms
  2 leopard geckos (D:8)
  26 orcs
  2 ball pythons
  5 bats
  6 giant cockroaches
  5 goblins
  10 hobgoblins
  4 jackals
  7 quokkas
  4 frilled lizards
  5 kobolds
  A quokka zombie (D:6)
  5 rats
153 creatures vanquished.

Vanquished Creatures (others)
  An orc (D:3)
1 creature vanquished.

Grand Total: 154 creatures vanquished

Notes
Turn   | Place    | Note
-------+----------+-------------------------------------------
     0 | D:1      | GetVaped the Gargoyle Gladiator began the quest for the Orb.
     0 | D:1      | Reached XP level 1. HP: 12/12 MP: 1/1
   548 | D:1      | Reached XP level 2. HP: 18/18 MP: 2/2
  1039 | D:2      | Reached skill level 3 in Polearms
  1043 | D:2      | Noticed Terence
  1076 | D:1      | Killed Terence
  1076 | D:1      | Reached XP level 3. HP: 13/22 MP: 3/3
  1621 | D:2      | Reached XP level 4. HP: 23/28 MP: 4/4
  1901 | D:2      | Reached skill level 4 in Polearms
  2253 | D:3      | Reached XP level 5. HP: 12/32 MP: 5/5
  3133 | D:3      | Noticed Grinder
  3138 | D:3      | Paralysed by Grinder for 4 turns
  3320 | D:3      | Paralysed by Grinder for 7 turns
  3335 | D:3      | Killed Grinder
  3335 | D:3      | Reached skill level 5 in Polearms
  3335 | D:3      | Reached XP level 6. HP: 25/38 MP: 6/6
  3508 | D:3      | Noticed Ijyb
  3523 | D:3      | Killed Ijyb
  3848 | D:3      | Reached skill level 6 in Polearms
  3850 | D:3      | Reached XP level 7. HP: 43/43 MP: 7/7
  3942 | D:3      | Found a shadowy altar of Dithmenos.
  4987 | D:5      | Entered Level 5 of the Dungeon
  5409 | D:5      | Reached skill level 5 in Fighting
  5409 | D:5      | Reached skill level 7 in Polearms
  5439 | D:5      | Reached XP level 8. HP: 30/49 MP: 8/8
  6039 | D:6      | Noticed Duvessa
  6039 | D:6      | Noticed Dowan
  6102 | D:6      | Noticed Blork the orc
  6112 | D:6      | Noticed Iko's ghost (amateur DDTm)
  6419 | D:6      | Killed Blork the orc
  6419 | D:6      | Reached skill level 8 in Polearms
  6461 | D:6      | Killed Dowan
  6492 | D:6      | Killed Duvessa
  6650 | D:6      | Found a staircase to the Ecumenical Temple.
  6717 | D:6      | Noticed Menkaure
  6724 | D:6      | Killed Menkaure
  6733 | Temple   | Entered the Ecumenical Temple
  6929 | Temple   | Became a worshipper of Warmaster Okawaru
  6997 | D:6      | Reached skill level 9 in Polearms
  7092 | D:6      | Killed Iko's ghost
  7092 | D:6      | Reached XP level 9. HP: 33/56 MP: 9/9
  7378 | D:6      | Reached * piety under Okawaru
  8599 | D:7      | Reached skill level 10 in Polearms
  9064 | D:8      | Noticed t7DKbSm's ghost (novice MiFi)
  9319 | D:8      | Killed t7DKbSm's ghost
  9319 | D:8      | Reached ** piety under Okawaru
  9591 | D:8      | Found a staircase to the Lair.
 10067 | D:8      | Noticed a hornet
 10067 | D:8      | Noticed a hornet
 10067 | D:8      | Noticed a hornet
 10079 | D:8      | Killed a hornet
 10079 | D:8      | Reached skill level 11 in Polearms
 10079 | D:8      | Reached XP level 10. HP: 43/64 MP: 10/10
 10380 | D:9      | HP: 2/66 [orc warrior/short sword (6)]
 10395 | D:9      | Noticed a two-headed ogre
 10395 | D:9      | HP: 1/66 [two-headed ogre/giant club (5)]
 10396 | D:9      | Demolished by a two-headed ogre

Skill      XL: |  1  2  3  4  5  6  7  8  9 10 |
---------------+-------------------------------+-----
Polearms       | 3 4 5 6 7 9 11 | 11.3
Fighting       | 3 4 5 6 8 9 |  9.0
Throwing       | |  1.7
Dodging        | |  2.6

Action                   |  1- 3 |  4- 6 |  7- 9 | 10-12 || total
-------------------------+-------+-------+-------+-------++-------
Melee: Trident           |   107 |   136 |   560 |    53 ||   856
Throw: Throwing net      |       |     1 |       |     1 ||     2
Invok: Heroism           |       |       |       |     1 ||     1
  Use: Potion            |     1 |     3 |     2 |       ||     6
       Scroll            |       |       |     6 |     4 ||    10
  Eat: Chunk             |     1 |     3 |     2 |       ||     6
       Ration            |       |     4 |     5 |       ||     9
Armor: Leather armour    |    25 |       |       |       ||    25
       Scale mail        |    28 |   114 |    35 |    31 ||   208
       Plate armour      |       |       |   342 |       ||   342
Dodge: Dodged            |    86 |    71 |   216 |    31 ||   404
